 Dungeon Crawl Stone Soup version 0.31.0-32-g396128a36d (webtiles) character file.

Game seed: 16477478520571089726

72 wizzardstaff the Digger (level 4, -6/36 HPs)
             Began as a Gargoyle Earth Elementalist on Apr 3, 2024.
             Killed from afar by Ijyb (11 damage)
             ... with a bolt of dispelling energy
             ... on level 3 of the Dungeon.
             The game lasted 00:20:25 (1861 turns).

wizzardstaff the Digger (GrEE)                      Turns: 1861, Time: 00:20:26

Health: -6/36      AC: 22    Str: 12    XL:     4   Next: 25%
Magic:  5/8        EV:  2    Int: 17    God:
Gold:   88         SH:  0    Dex: 10    Spells: 7/8 levels left

rFire   + . .        (no weapon)
rCold   . . .        (no shield)
rNeg    + . .        a - melded +0 robe
rPois   ∞            (helmet currently unavailable)
rElec   .            (cloak currently unavailable)
rCorr   .            (gloves currently unavailable)
SInv    .            (boots currently unavailable)
Will    .....        q - amulet of the acrobat
Stlth   ++           i - ring of protection from fire
HPRegen 0.26/turn    (no ring)
MPRegen 0.11/turn

%: acrobat
@: tree-form (expiring)
A: stationary, stasis, torment immunity, boosted hp, sickness immunity, AC +3,
negative energy resistance 1, (electricity resistance), torment resistance 1,
petrification resistance
a: no special abilities


You were on level 3 of the Dungeon.
You were a tree.
You visited 1 branch of the dungeon, and saw 3 of its levels.

You collected 88 gold pieces.

Inventory:

Hand Weapons
 o - the +2 dagger "Itzaptot" {spect, Int+3 SInv}
   (You found it on level 2 of the Dungeon)

   Int+3:     It affects your intelligence (+3).
   SInv:      It lets you see invisible.
Armour
 a - a +0 robe (melded)
Jewellery
 i - a ring of protection from fire (left branch)
 q - an amulet of the acrobat (around neck)
Talismans
 d - a beast talisman
Scrolls
 g - a scroll of poison
 h - a scroll of silence {unknown}
 k - 2 scrolls of amnesia
 m - a scroll of immolation {unknown}
 n - 3 scrolls of revelation
 p - a scroll of enchant armour {unknown}
Potions
 b - a potion of magic
 e - 2 potions of lignification
 f - a potion of mutation {unknown}
 j - 2 potions of cancellation
 l - 2 potions of curing
 r - 2 potions of attraction


   Skills:
 - Level 1.5 Dodging
 - Level 2.8 Stealth
 + Level 2.8 Spellcasting
 - Level 2.0 Conjurations
 + Level 4.5 Earth Magic


You had 7 spell levels left.
You knew the following spells:

 Your Spells              Type           Power      Damage    Failure   Level
a - Sandblast             Erth           36%        2d10      2%          1

Your spell library contained the following spells:

 Spells                   Type           Power      Damage    Failure   Level
 Passwall                 Erth           18%        N/A       9%          3
 Stone Arrow              Conj/Erth      26%        3d8       14%         3
 Brom's Barrelling Bould  Conj/Erth      13%        2d4       41%         4
 Animate Armour           Summ/Erth      20%        N/A       56%         4
 Petrify                  Alch/Erth      10%        N/A       56%         4
 Lee's Rapid Deconstruct  Erth           9%         3d7*      58%         5
 Summon Lightning Spire   Summ/Air       2%         N/A       87%         4


Dungeon Overview and Level Annotations

Branches:
Dungeon (3/15)

Altars:
Gozag
Sif Muna

Shops:
D:1 [

Annotations:
D:3 Ijyb


Innate Abilities, Weirdness & Mutations

You are a tree.
Your roots penetrate the ground, keeping you stationary.
You cannot be teleported.
You are immune to unholy pain and torment.
Your maximum health is greatly increased.
Your equipment is partially melded.
You are immune to sickness and miasma.
((Your stone body is resilient. (AC +3)))
You are immune to poison.
You resist negative energy. (rN+)
((You are resistant to electric shocks. (rElec)))
You are resistant to unholy torment.
You are immune to petrification.


Message History

Ijyb zaps a wand.
The bolt of dispelling energy hits you.
Ijyb screams, "No!
No, no, no, no!"
Ijyb zaps a wand.
The bolt of dispelling energy misses you.
Okay, then.
As you read the scroll of identify, it crumbles to dust.
r - 2 potions of attraction
Aiming: Sandblast (safe; 2% risk of failure)
Press: ? - help, Q - select action Shift-Dir - straight line, f - endoplasm
Aim: an endoplasm (98% to hit)
The blast of sand hits the endoplasm!
You kill the endoplasm!
You start resting.
Ijyb is nearby!
Aiming: Sandblast (safe; 2% risk of failure)
Press: ? - help, Q - select action Shift-Dir - straight line, f - Ijyb
Aim: Ijyb, wielding a +0 dagger, wearing a +0 leather armour and carrying a wand of quicksilver (lightly wounded, 77% to hit)
The blast of sand hits Ijyb.
Ijyb is lightly wounded.
Okay, then.
Aiming: Sandblast (safe; 2% risk of failure)
Press: ? - help, Q - select action Shift-Dir - straight line, f/p - Ijyb
Aim: Ijyb, wielding a +0 dagger, wearing a +0 leather armour and carrying a wand of quicksilver (lightly wounded, 77% to hit)
The blast of sand hits Ijyb.
Ijyb is moderately wounded.
Ijyb zaps a wand.
The bolt of dispelling energy hits you!
* * * LOW HITPOINT WARNING * * *
Ijyb hits you with a +0 dagger.
* * * LOW HITPOINT WARNING * * *
Okay, then.
You turn into a tree.
Your +0 robe melds into your body.
Your roots penetrate the ground.
Ijyb hits you but does no damage.
You barely miss Ijyb. You punch Ijyb, but do no damage.
Ijyb is moderately wounded.
Ijyb hits you but does no damage.
You closely miss Ijyb.
Ijyb is moderately wounded.
Ijyb zaps a wand.
The bolt of dispelling energy hits you!
Your magical effects are unravelling.
You die...

##.# #.#..#.# #..#
#.#..#.##
...#######....<..###
...................# ##
...###########...#####8###
#..# ##..##..'._⌠# ##.#
#####.##..'._⌠# #.#
#........##8### ##.#
#.###♣########+## ...#
#g###........ )###
#.......##.## .# #####...#
.# ........ .# ........ .#
.......... .# ##...##...
## #...# .##


You could see Ijyb.

Vanquished Creatures
  3 adders
  A ribbon worm (D:3)
  4 endoplasms
  A giant cockroach (D:3)
  3 goblins
  5 hobgoblins
  7 kobolds
  4 ball pythons
  8 bats
  2 frilled lizards
  3 rats
41 creatures vanquished.

Notes
Turn   | Place    | Note
-------+----------+-------------------------------------------
     0 | D:1      | wizzardstaff the Gargoyle Earth Elementalist began the
                  | quest for the Orb.
     0 | D:1      | Reached XP level 1. HP: 10/10 MP: 3/3
   179 | D:1      | Reached XP level 2. HP: 15/15 MP: 0/5
   511 | D:1      | Found Teafutih's Armour Emporium.
   535 | D:1      | Reached skill level 4 in Earth Magic
   736 | D:1      | Found a faded altar of an unknown god.
   780 | D:1      | Reached XP level 3. HP: 19/19 MP: 2/6
  1077 | D:2      | Identified the +2 dagger "Itzaptot" {spect, Int+3 SInv}
  1647 | D:3      | Reached XP level 4. HP: 24/24 MP: 6/8
  1822 | D:3      | Found a shimmering blue altar of Sif Muna.
  1822 | D:3      | Found an opulent altar of Gozag.
  1832 | D:3      | Noticed Ijyb
  1861 | D:3      | Killed from afar by Ijyb

Illustrated notes

Levels and vault maps discovered:
D:1:      psy_arrival_conway, layout_loops_ring, serial_shops, shop,
          ebering_ecumenical_altar_hall
D:2:      layout_rooms
D:3:      minmay_roachtagon, layout_loops_corners,
          gammafunk_temple_overflow_wave, uniq_ijyb

Skill      XL: |  1  2  3 |
---------------+----------+-----
Earth Magic    | 4 |  4.5
Conjurations   | 2 |  2.0
Dodging        | |  1.5
Stealth        | |  2.8
Spellcasting   | |  2.8

Action                     |  1- 3 |  4- 6 || total
---------------------------+-------+-------++-------
  Melee: Unarmed           |     5 |     2 ||     7
         Punch             |       |     1 ||     1
   Cast: Sandblast         |    54 |    12 ||    66
    Use: Scroll            |     6 |     2 ||     8
         Potion            |       |     1 ||     1
 Armour: Robe              |     9 |     4 ||    13
         Skin              |       |     3 ||     3
  Dodge: Dodged            |    10 |     3 ||    13
